3AAA
ALASKAN HUMPBACKS @ PORT ROYAL DISASTER
09/15/2026
 
TOP OF THE 1ST
Alaskan Humpbacks batting - Pitching for Port Royal Disaster : RHP Miguel Hernández
Pitching: RHP Miguel Hernández
Batting: RHB Pablo Marrero 0-0: Ball
1-0: SINGLE (Groundball, 6MD)
Batting: RHB Thom Beach 0-0: DOUBLE (Line Drive, 7LM)
Pablo Marrero to third
Runner from 3rd tries for Home, SAFE, no throw
Batting: RHB Juan Tapia 0-0: Ball
1-0: Called Strike
1-1: Called Strike
1-2: Strikes out swinging
Batting: RHB Urs van Munster 0-0: Called Strike
0-1: Foul Ball, location: 2F
0-2: Ball
1-2: Strikes out swinging
Batting: LHB Miguel Martínez 0-0: Ball
1-0: Ball
2-0: Called Strike
2-1: Ball
3-1: Base on Balls
Batting: RHB Rob Morse 0-0: SINGLE (Line Drive, 34)
Thom Beach to third
Miguel Martínez to second
Runner from 3rd tries for Home, SAFE, no throw
Batting: RHB Manuel Díaz 0-0: Ball
1-0: Called Strike
1-1: Ball
2-1: Foul Ball, location: 2F
2-2: Ball
3-2: Strikes out swinging
Top of the 1st over - 2 run(s), 3 hit(s), 0 error(s), 2 left on base; Alaskan 2 - Port Royal 0
BOTTOM OF THE 1ST
Port Royal Disaster batting - Pitching for Alaskan Humpbacks : RHP Eric Matson
Pitching: RHP Eric Matson
Batting: RHB Aurelio García 0-0: Called Strike
0-1: Ball
1-1: Ball
2-1: Foul Ball, location: 2F
2-2: Ball
3-2: Fly out, F9 (Flyball, 9LSF)
Batting: RHB David McJannett 0-0: Called Strike
0-1: Ball
1-1: Called Strike
1-2: Strikes out swinging
Batting: RHB Manuel Becerra 0-0: Ball
1-0: Ball
2-0: Ball
3-0: Called Strike
3-1: Called Strike
3-2: Strikes out looking
Bottom of the 1st over - 0 run(s), 0 hit(s), 0 error(s), 0 left on base; Alaskan 2 - Port Royal 0
TOP OF THE 2ND
Alaskan Humpbacks batting - Pitching for Port Royal Disaster : RHP Miguel Hernández
Batting: LHB Tae-sang Han 0-0: Bunted foul
0-1: Called Strike
0-2: Ball
1-2: SINGLE (Groundball, 56D)
Batting: RHB Adrian Barr 0-0: Ball
1-0: Ball
2-0: Ball
3-0: Called Strike
3-1: Fly out, F8 (Flyball, 8LD)
Batting: RHB Pablo Marrero 0-0: Called Strike
0-1: SINGLE (Line Drive, 6M)
Tae-sang Han to second
Batting: RHB Thom Beach 0-0: Ball
1-0: Ball
2-0: Called Strike
Tae-sang Han steals 3rd base
Pablo Marrero to second
2-1: Foul Ball, location: 2F
2-2: Strikes out swinging
Batting: RHB Juan Tapia 0-0: Ground out 6-3 (Groundball, 6)
Top of the 2nd over - 0 run(s), 2 hit(s), 0 error(s), 2 left on base; Alaskan 2 - Port Royal 0
BOTTOM OF THE 2ND
Port Royal Disaster batting - Pitching for Alaskan Humpbacks : RHP Eric Matson
Batting: RHB Marvin Hunter 0-0: Ball
1-0: Foul Ball, location: 2F
1-1: Ground out 6-3 (Groundball, 56)
Batting: RHB Brandon Cooper 0-0: Swinging Strike
0-1: Foul Ball, location: 2F
0-2: Foul Ball, location: 2F
0-2: Fly out, F5 (Popup, 5S)
Batting: SHB Arsenio Sameiro 0-0: Called Strike
0-1: Ball
1-1: SINGLE (Line Drive, 4M)
Batting: RHB Paul Smith 0-0: Ball
1-0: Ball
2-0: Foul Ball, location: 2F
2-1: Foul Ball, location: 2F
2-2: Ball
3-2: Base on Balls
Arsenio Sameiro to second
Batting: RHB Ronnie Cleveland 0-0: Called Strike
0-1: Swinging Strike
0-2: Foul Ball, location: 2F
0-2: Reached on error, E5 (Groundball, 56S)
Arsenio Sameiro scores
Paul Smith to third
Batting: RHB Barnett Armstrong 0-0: Ball
1-0: Ball
2-0: Called Strike
2-1: Ball
3-1: Base on Balls
Batting: RHB Aurelio García 0-0: Ball
1-0: Swinging Strike
1-1: Fielders Choice at 2nd, 6-4 (Groundball, 6)
Bottom of the 2nd over - 1 run(s), 1 hit(s), 1 error(s), 2 left on base; Alaskan 2 - Port Royal 1
TOP OF THE 3RD
Alaskan Humpbacks batting - Pitching for Port Royal Disaster : RHP Miguel Hernández
Batting: RHB Urs van Munster 0-0: Ball
1-0: Ground out 6-3 (Groundball, 56)
Batting: LHB Miguel Martínez 0-0: Called Strike
0-1: Called Strike
0-2: Foul Ball, location: 2F
0-2: Ball
1-2: Foul Ball, location: 2F
1-2: Ball
2-2: Ground out 4-3 (Groundball, 34)
Batting: RHB Rob Morse 0-0: Ball
1-0: Ball
2-0: Called Strike
2-1: Ground out 5-3 (Groundball, 56S)
Top of the 3rd over - 0 run(s), 0 hit(s), 0 error(s), 0 left on base; Alaskan 2 - Port Royal 1
BOTTOM OF THE 3RD
Port Royal Disaster batting - Pitching for Alaskan Humpbacks : RHP Eric Matson
Batting: RHB David McJannett 0-0: Ball
1-0: SINGLE (Groundball, 6MD)
Batting: RHB Manuel Becerra 0-0: Called Strike
0-1: Ball
1-1: Ball
2-1: Fly out, F8 (Flyball, 8LM)
Batting: RHB Marvin Hunter 0-0: Ball
1-0: Foul Ball, location: 2F
1-1: Ball
2-1: SINGLE (Line Drive, 56D)
David McJannett to second
Batting: RHB Brandon Cooper 0-0: DOUBLE (Line Drive, 78M)
David McJannett scores
Marvin Hunter to third
Batting: SHB Arsenio Sameiro 0-0: Foul Ball, location: 2F
0-1: Ground out U3 (Groundball, 3)
Batting: RHB Paul Smith 0-0: Ball
1-0: Called Strike
1-1: Ground out 1-3 (Groundball, P)
Bottom of the 3rd over - 1 run(s), 3 hit(s), 0 error(s), 2 left on base; Alaskan 2 - Port Royal 2
TOP OF THE 4TH
Alaskan Humpbacks batting - Pitching for Port Royal Disaster : RHP Miguel Hernández
Batting: RHB Manuel Díaz 0-0: Ball
1-0: Called Strike
1-1: Foul Ball, location: 2F
1-2: Strikes out swinging
Batting: LHB Tae-sang Han 0-0: Ball
1-0: Called Strike
1-1: SINGLE (Groundball, 34D)
Batting: RHB Adrian Barr 0-0: Ball
1-0: Foul Ball, location: 2F
1-1: Grounds into double play, 5-4-3 (Groundball, 5)
Top of the 4th over - 0 run(s), 1 hit(s), 0 error(s), 0 left on base; Alaskan 2 - Port Royal 2
BOTTOM OF THE 4TH
Port Royal Disaster batting - Pitching for Alaskan Humpbacks : RHP Eric Matson
Batting: RHB Ronnie Cleveland 0-0: Ball
1-0: Swinging Strike
1-1: Ball
2-1: Called Strike
2-2: Ball
3-2: Foul Ball, location: 2F
3-2: Base on Balls
Batting: RHB Barnett Armstrong 0-0: Ball
1-0: Ball
2-0: Called Strike
2-1: Ball
3-1: Base on Balls
Ronnie Cleveland to second
Batting: RHB Aurelio García 0-0: Called Strike
0-1: Ball
1-1: Foul Ball, location: 2F
1-2: Ball
2-2: Fly out, F8 (Flyball, 8LM)
Batting: RHB David McJannett 0-0: Foul Ball, location: 2F
0-1: Foul Ball, location: 2F
0-2: Ball
1-2: Grounds into double play, 5-4-3 (Groundball, 56)
Bottom of the 4th over - 0 run(s), 0 hit(s), 0 error(s), 1 left on base; Alaskan 2 - Port Royal 2
TOP OF THE 5TH
Alaskan Humpbacks batting - Pitching for Port Royal Disaster : RHP Miguel Hernández
Batting: RHB Pablo Marrero 0-0: Called Strike
0-1: Fly out, F9 (Flyball, 9S)
Batting: RHB Thom Beach 0-0: Foul Ball, location: 2F
0-1: Fly out, F9 (Line Drive, 9D)
Batting: RHB Juan Tapia 0-0: Called Strike
0-1: Ball
1-1: Ground out 5-3 (Groundball, 56)
Top of the 5th over - 0 run(s), 0 hit(s), 0 error(s), 0 left on base; Alaskan 2 - Port Royal 2
BOTTOM OF THE 5TH
Port Royal Disaster batting - Pitching for Alaskan Humpbacks : RHP Eric Matson
Batting: RHB Manuel Becerra 0-0: Reached on error, E6 (Groundball, 56)
Batting: RHB Marvin Hunter 0-0: Foul Ball, location: 2F
0-1: Called Strike
0-2: Ball
Manuel Becerra is caught stealing 2nd base
1-2: Strikes out swinging
Batting: RHB Brandon Cooper 0-0: Ball
1-0: Foul Ball, location: 2F
1-1: Called Strike
1-2: Strikes out swinging
Bottom of the 5th over - 0 run(s), 0 hit(s), 1 error(s), 0 left on base; Alaskan 2 - Port Royal 2
TOP OF THE 6TH
Alaskan Humpbacks batting - Pitching for Port Royal Disaster : RHP Miguel Hernández
Batting: RHB Urs van Munster 0-0: Ball
1-0: Ball
2-0: Ground out 1-3 (Groundball, 15S)
Batting: LHB Miguel Martínez 0-0: Swinging Strike
0-1: Swinging Strike
0-2: Ball
1-2: Strikes out looking
Batting: RHB Rob Morse 0-0: Ball
1-0: Fly out, F9 (Flyball, 9S)
Top of the 6th over - 0 run(s), 0 hit(s), 0 error(s), 0 left on base; Alaskan 2 - Port Royal 2
BOTTOM OF THE 6TH
Port Royal Disaster batting - Pitching for Alaskan Humpbacks : RHP Eric Matson
Pitching: RHP Mario Ruíz
Batting: SHB Arsenio Sameiro 0-0: Ball
1-0: Swinging Strike
1-1: Foul Ball, location: 2F
1-2: Foul Ball, location: 2F
1-2: Hit by Pitch
Batting: RHB Paul Smith 0-0: Ball
1-0: Bunted foul
1-1: Sac Bunt - play at first, batter OUT! 3-4
Arsenio Sameiro to second
Batting: RHB Ronnie Cleveland 0-0: Intentional Walk
Batting: RHB Barnett Armstrong 0-0: Ball
1-0: Ball
2-0: Ball
3-0: Called Strike
3-1: Called Strike
3-2: Foul Ball, location: 2F
3-2: Foul Ball, location: 2F
3-2: Fly out, F7 (Flyball, 7S)
Batting: RHB Aurelio García 0-0: Foul Ball, location: 2F
0-1: Ball
1-1: Foul Ball, location: 2F
1-2: Ball
2-2: Strikes out swinging
Bottom of the 6th over - 0 run(s), 0 hit(s), 0 error(s), 2 left on base; Alaskan 2 - Port Royal 2
TOP OF THE 7TH
Alaskan Humpbacks batting - Pitching for Port Royal Disaster : RHP Miguel Hernández
Batting: RHB Manuel Díaz 0-0: Called Strike
0-1: Ball
1-1: Ball
2-1: Swinging Strike
2-2: Ball
3-2: Strikes out looking
Pitching: LHP Aukukero Mincarlie Jr.
Pinch Hitting: LHB Ray Merrill 0-0: Called Strike
0-1: Foul Ball, location: 2F
0-2: Strikes out swinging
Batting: RHB Adrian Barr 0-0: Foul Ball, location: 2F
0-1: Ground out 4-3 (Groundball, 4)
Top of the 7th over - 0 run(s), 0 hit(s), 0 error(s), 0 left on base; Alaskan 2 - Port Royal 2
BOTTOM OF THE 7TH
Port Royal Disaster batting - Pitching for Alaskan Humpbacks : RHP Mario Ruíz
Now in LF: Ray Merrill
Batting: RHB David McJannett 0-0: Ball
1-0: Ball
2-0: Called Strike
2-1: Ground out 6-3 (Groundball, 6S)
Batting: RHB Manuel Becerra 0-0: Called Strike
0-1: Foul Ball, location: 2F
0-2: Foul Ball, location: 2F
0-2: Foul Ball, location: 2F
0-2: Foul Ball, location: 2F
0-2: Ball
1-2: Ball
2-2: Foul Ball, location: 2F
2-2: Foul Ball, location: 2F
2-2: SINGLE (Groundball, 6MD)
Batting: RHB Marvin Hunter 0-0: Ball
1-0: Ball
Manuel Becerra steals 2nd base
2-0: Ball
3-0: Called Strike
3-1: Base on Balls
Batting: RHB Brandon Cooper 0-0: Ball
1-0: Ball
2-0: Grounds into double play, 6-4-3 (Groundball, 6)
Bottom of the 7th over - 0 run(s), 1 hit(s), 0 error(s), 1 left on base; Alaskan 2 - Port Royal 2
TOP OF THE 8TH
Alaskan Humpbacks batting - Pitching for Port Royal Disaster : LHP Aukukero Mincarlie Jr.
Batting: RHB Pablo Marrero 0-0: Swinging Strike
0-1: Swinging Strike
0-2: Fly out, F6 (Line Drive, 6)
Batting: RHB Thom Beach 0-0: Ball
1-0: SINGLE (Groundball, 56D)
Batting: RHB Juan Tapia 0-0: Foul Ball, location: 2F
0-1: Foul Ball, location: 2F
0-2: Foul Ball, location: 2F
0-2: Ball
1-2: Ball
Thom Beach steals 2nd base
2-2: Ball
3-2: Intentional Walk
Batting: RHB Urs van Munster 0-0: Ball
1-0: Called Strike
1-1: Ball
2-1: Fly out, F8 (Line Drive, 8LM)
Pinch Hitting: RHB Jack Peck 0-0: Ball
1-0: Ball
2-0: Ball
Passed Ball!
Thom Beach to third
Juan Tapia to second
3-0: Base on Balls
Batting: RHB Rob Morse 0-0: SINGLE (Groundball, 56D)
Thom Beach scores
Juan Tapia to third
Jack Peck to second
Runner from 3rd tries for Home, SAFE, throw made at trailing runner, SAFE at third!
Batting: RHB Manuel Díaz 0-0: Called Strike
0-1: Ground out 5-3 (Groundball, 56S)
Top of the 8th over - 2 run(s), 2 hit(s), 0 error(s), 2 left on base; Alaskan 4 - Port Royal 2
BOTTOM OF THE 8TH
Port Royal Disaster batting - Pitching for Alaskan Humpbacks : RHP Mario Ruíz
Now at 1B: Jim Unknown
Batting: SHB Arsenio Sameiro 0-0: Ball
1-0: Ball
2-0: Ground out 4-3 (Groundball, 4)
Batting: RHB Paul Smith 0-0: Fly out, F9 (Flyball, 9LMF)
Pitching: RHP Fernando Peralta
Batting: RHB Ronnie Cleveland 0-0: Ball
1-0: Ball
2-0: Ball
3-0: Called Strike
3-1: Base on Balls
Batting: RHB Barnett Armstrong 0-0: SINGLE (Line Drive, 4D)
Ronnie Cleveland to second
Pinch Hitting: LHB Davis Mills 0-0: Called Strike
0-1: Called Strike
0-2: Foul Ball, location: 2F
0-2: Fielders Choice at 2nd, 6-4 (Groundball, 6D)
Bottom of the 8th over - 0 run(s), 1 hit(s), 0 error(s), 1 left on base; Alaskan 4 - Port Royal 2
TOP OF THE 9TH
Alaskan Humpbacks batting - Pitching for Port Royal Disaster : LHP Aukukero Mincarlie Jr.
Now in LF: Davis Mills
Batting: LHB Ray Merrill 0-0: Called Strike
0-1: Foul Ball, location: 2F
0-2: Fly out, F3 (Line Drive, 3)
Batting: RHB Adrian Barr 0-0: Ball
1-0: Fly out, F4 (Line Drive, 4)
Batting: RHB Pablo Marrero 0-0: Fly out, F5 (Line Drive, 5)
Top of the 9th over - 0 run(s), 0 hit(s), 0 error(s), 0 left on base; Alaskan 4 - Port Royal 2
BOTTOM OF THE 9TH
Port Royal Disaster batting - Pitching for Alaskan Humpbacks : RHP Fernando Peralta
Pitching: RHP Melvin González
Batting: RHB David McJannett 0-0: Foul Ball, location: 2F
0-1: Ground out 6-3 (Groundball, 6)
Batting: RHB Manuel Becerra 0-0: Called Strike
0-1: Ground out 1-3 (Groundball, P)
Batting: RHB Marvin Hunter 0-0: Ball
1-0: Foul Ball, location: 2F
1-1: Called Strike
1-2: Ball
2-2: Ball
3-2: SINGLE (Groundball, 6MD)
Batting: RHB Brandon Cooper 0-0: Ball
1-0: Fly out, F8 (Line Drive, 8RS)
Bottom of the 9th over - 0 run(s), 1 hit(s), 0 error(s), 1 left on base; Alaskan 4 - Port Royal 2
Monday, March 20th, 2017 - OOTP Baseball 17.12 Build 75